 Dungeon Crawl Stone Soup version 0.31-a0-986-g5e6e4ef867 (webtiles) character file.

Game seed: 15584785471421724806

924 sammy202020 the Ruffian (level 7, -6/55 HPs)
             Began as a Demonspawn Shapeshifter on Nov 20, 2023.
             Was an Initiate of Hepliaklqana.
             Mangled by a two-headed ogre
             ... wielding a +0 giant spiked club
              (18 damage)
             ... on level 5 of the Dungeon.
             The game lasted 00:05:20 (4120 turns).

sammy202020 the Ruffian (Demonspawn Shapeshifter)   Turns: 4120, Time: 00:05:22

Health: -6/55      AC:  8    Str: 16    XL:     7   Next: 84%
Magic:  7/7        EV: 10    Int: 11    God:    Hepliaklqana [......]
Gold:   179        SH:  0    Dex: 13    Spells: 6/6 levels left

rFire   + .          .
                       - Unarmed
rCold   . . .        (no shield)
rNeg    . . .        e - +0 scale mail
rPois   +            (helmet currently unavailable)
rElec   .            (cloak currently unavailable)
rCorr   .            (gloves currently unavailable)
SInv    .            (boots currently unavailable)
Will    .....        (no amulet) Stlth
                     h - ring of protection from fire
HPRegen 0.29/turn    q - ring of poison resistance
MPRegen 0.10/turn

%: random rage (3%)
@: mighty, beast-form
A: beast (slay +2), icy blue scales 1, demonic guardian 2, spiny 2, horns 1,
berserk 1, evolution 1
a: Begin Untransformation, Renounce Religion


You were on level 5 of the Dungeon.
You worshipped Hepliaklqana.
Hepliaklqana was noncommittal.
You were a hulking beast.
You visited 2 branches of the dungeon, and saw 6 of its levels.

You collected 179 gold pieces.

Inventory:

Missiles
 o - 14 boomerangs (quivered)
Armour
 a - a +0 animal skin
 e - a +0 scale mail (worn)
Jewellery
 h - a ring of protection from fire (left hand)
 i - a ring of willpower
 q - a ring of poison resistance (right hand)
Talismans
 c - a beast talisman
 d - a flux talisman
Wands
 l - a wand of flame (13)
Scrolls
 j - a scroll of immolation
 k - a scroll of enchant weapon {unknown}
 m - a scroll of vulnerability
 t - a scroll of identify
Potions
 b - 3 potions of lignification


   Skills:
 * Level 4.5 Fighting
 + Level 2.6 Armour
 + Level 3.1 Dodging
 * Level 4.9 Unarmed Combat
 * Level 4.5 Shapeshifting


You had 6 spell levels left.
You didn't know any spells.
Your spell library contained the following spells:

 Spells                   Type           Power      Damage    Failure   Level
 Sandblast                Erth           0%         2d4       77%         1
 Slow                     Hex            0%         N/A       77%         1
 Passwall                 Tmut/Erth      0%         N/A       88%         2
 Confusing Touch          Hex            0%         N/A       98%         3
 Sigil of Binding         Hex            0%         N/A       98%         3
 Stone Arrow              Conj/Erth      0%         3d7       98%         3
 Vampiric Draining        Necr           0%         2d6       98%         3
 Brom's Barrelling Bould  Conj/Erth      0%         2d3       100%        4


Dungeon Overview and Level Annotations

Branches:
Dungeon (5/15)             Temple (1/1) D:4

Altars:
Cheibriados
Fedhas
Hepliaklqana
Nemelex Xobeh
Okawaru
Qazlal
Ru
Sif Muna
Uskayaw
Vehumet
Wu Jian
Xom
Yredelemnul


Innate Abilities, Weirdness & Mutations

You are a hulking beast.
Your limbs bulge with bestial killing power. (Slay +2)
You are partially covered in icy blue scales. (AC +2)
A demonic guardian rushes to your aid.
You are mostly covered in sharp spines.
You have a pair of small horns on your head.
You sometimes lose your temper in combat.
You have hidden genetic potential.


Message History

* * * LOW HITPOINT WARNING * * *
You hit the scorpion. You headbutt the scorpion.
The scorpion is moderately wounded.
The scorpion barely misses you.
You punch the scorpion! You headbutt the scorpion.
The scorpion is almost dead.
The scorpion is struck by your spines.
You kill the scorpion!
Your hellwing disappears in a puff of smoke!
Throw: 15 boomerangs
Press: ? - help, Q - select action, (/) - cycle Shift-Dir - straight line, f - two-headed ogre
Aim: a two-headed ogre, wielding two +0 giant spiked clubs (severely wounded, 74% to hit)
You throw a boomerang.
The boomerang hits the two-headed ogre and shatters, but does no damage.
The two-headed ogre is severely wounded.
Throw: 14 boomerangs
Press: ? - help, Q - select action, (/) - cycle Shift-Dir - straight line, f/p - two-headed ogre
Aim: a two-headed ogre, wielding two +0 giant spiked clubs (severely wounded, 75% to hit)
You throw a boomerang. The boomerang hits the two-headed ogre.
The two-headed ogre is severely wounded.
Throw: 14 boomerangs
Press: ? - help, Q - select action, (/) - cycle Shift-Dir - straight line, f/p - two-headed ogre
Aim: a two-headed ogre, wielding two +0 giant spiked clubs (severely wounded, 75% to hit)
You throw a boomerang.
The boomerang closely misses the two-headed ogre.
Okay, then.
As you read the scroll of fog, it dissolves into smoke.
Throw: 14 boomerangs
Press: ? - help, Q - select action, (/) - cycle Shift-Dir - straight line, f/p - two-headed ogre
Aim: a two-headed ogre, wielding two +0 giant spiked clubs (purple smoke, severely wounded, 74% to hit)
You throw a boomerang.
The boomerang barely misses the two-headed ogre.
You feel very mighty all of a sudden.
You punch the two-headed ogre!
The two-headed ogre is almost dead.
The two-headed ogre hits you with a +0 giant spiked club!
* * * LOW HITPOINT WARNING * * *
A demonic guardian appears!
The two-headed ogre hits you with a +0 giant spiked club!!
You die...

################
#.hO....§o§§§..#
#4.#######§# .....#
#§# ###...# #§# .#
#...#######§###.###
#...##......##....#
.......####O##..#.#
.#.... #.##..#.#
#.##..#.#


You could see a two-headed ogre (ally target), an orc and a friendly rust devil
(summoned).

Vanquished Creatures
  Sigmund (D:3)
  An ogre (D:5)
  2 scorpions
  A howler monkey (D:5)
  2 hounds (D:5)
  A sleepcap (D:5)
  An iguana (D:4)
  5 adders
  A white imp (D:4)
  3 dart slugs
  4 orcs (D:4)
  10 ball pythons
  14 endoplasms
  7 hobgoblins
  4 jackals (D:4)
  A quokka (D:5)
  6 bats
  3 frilled lizards
  7 goblins
  2 kobolds (D:1)
  5 rats
81 creatures vanquished.

Vanquished Creatures (collateral kills)
  Grinder (D:4)
  A jelly (D:3)
  Terence (D:3)
  A white imp (D:5)
  An orc (D:5)
  A bat (D:1)
  An endoplasm (D:2)
  A ball python (D:3)
8 creatures vanquished.

Grand Total: 89 creatures vanquished

Notes
Turn   | Place    | Note
-------+----------+-------------------------------------------
     0 | D:1      | sammy202020 the Demonspawn Shapeshifter began the quest for
                  | the Orb.
     0 | D:1      | Reached XP level 1. HP: 15/15 MP: 1/1
   218 | D:1      | Gained mutation: A weak demonic guardian rushes to your
                  | aid. [demonic ancestry]
   218 | D:1      | Reached XP level 2. HP: 16/21 MP: 2/2
   473 | D:1      | Found a faded altar of an unknown god.
   721 | D:1      | Gained mutation: A demonic guardian rushes to your aid.
                  | [demonic ancestry]
   721 | D:1      | Reached XP level 3. HP: 27/27 MP: 3/3
  1058 | D:2      | Gained mutation: You are partially covered in icy blue
                  | scales. (AC +2) [demonic ancestry]
  1058 | D:2      | Reached XP level 4. HP: 10/33 MP: 4/4
  1858 | D:3      | Noticed Terence
  1878 | D:3      | Killed Terence
  1879 | D:3      | Reached skill level 1 in Armour
  1884 | D:3      | Reached XP level 5. HP: 20/39 MP: 5/5
  2171 | D:3      | Noticed Sigmund
  2181 | D:3      | Killed Sigmund
  2182 | D:3      | Gained mutation: You are partially covered in sharp spines.
                  | [demonic ancestry]
  2182 | D:3      | Reached XP level 6. HP: 29/47 MP: 6/6
  3155 | D:4      | Found a staircase to the Ecumenical Temple.
  3161 | D:4      | Noticed Grinder
  3164 | Temple   | Entered the Ecumenical Temple
  3232 | Temple   | Became a worshipper of Hepliaklqana the Forgotten
  3245 | D:4      | Paralysed by Grinder for 3 turns
  3268 | D:4      | Killed Grinder
  3269 | D:4      | Gained mutation: You are mostly covered in sharp spines.
                  | [demonic ancestry]
  3269 | D:4      | Reached XP level 7. HP: 15/54 MP: 7/7
  3957 | D:4      | Gained mutation: You sometimes lose your temper in combat.
                  | [potion of mutation]
  3957 | D:4      | Gained mutation: You have a pair of small horns on your
                  | head. [potion of mutation]
  3957 | D:4      | Gained mutation: You have hidden genetic potential. [potion
                  | of mutation]
  3967 | D:5      | Entered Level 5 of the Dungeon
  4074 | D:5      | Noticed a two-headed ogre
  4120 | D:5      | Mangled by a two-headed ogre

Illustrated notes

Levels and vault maps discovered:
D:1:      amcnicky_arrival_double_pillar, layout_loops_ring,
          hellmonk_ecumenical_altar_prayer_group, minmay_quantized
D:2:      layout_loops_ring
D:3:      layout_basic, minivault_24, uniq_terence, uniq_sigmund
D:4:      layout_basic, minmay_temple_entry_statues_fountains, uniq_grinder
D:5:      layout_loops_ring
Temple:   nicolae_temple_superstar

Skill      XL: |  1  2  3  4  5  6  7 |
---------------+----------------------+-----
Unarmed Combat | 3 4 |  4.9
Dodging        | 2 3 |  3.1
Shapeshifting  | 3 4 |  4.5
Fighting       | 2 3 4 |  4.5
Armour         | 1 2 |  2.6

Action                     |  1- 3 |  4- 6 |  7- 9 || total
---------------------------+-------+-------+-------++-------
  Melee: Unarmed           |    96 |   105 |    29 ||   230
         Punch             |     1 |     3 |       ||     4
         Headbutt          |       |       |     8 ||     8
  Throw: Boomerang         |       |     1 |     4 ||     5
    Use: Scroll            |       |    10 |     2 ||    12
         Potion            |       |       |     6 ||     6
 Armour: Animal skin       |    15 |       |       ||    15
         Ring mail         |    40 |    18 |       ||    58
         Scale mail        |       |    38 |    16 ||    54
  Dodge: Dodged            |    43 |    45 |    15 ||   103

Table legend: (Time is in decaauts)
 A = Elapsed time spent in this place.
 B = Non-inter-level travel time spent in this place.
 C = Inter-level travel time spent in this place.
 D = Time resting spent in this place.
 E = Time spent auto-exploring this place.
 F = Levels seen in this place.
 G = Mean time per level.
                   A        B        C        D        E       F      G
               +--------+--------+--------+--------+--------+-----+--------+
         Total |   4103 |   4103 |      0 |    936 |   2389 |   6 |  683.8 |
       Dungeon |   4025 |   4025 |      0 |    936 |   2389 |   5 |  805.0 |
        Temple |     77 |     77 |      0 |      0 |      0 |   1 |   77.0 |
               +--------+--------+--------+--------+--------+-----+--------+

Top non-repeatable levels by time:
     D:4: 1424 daAuts
     D:2: 1019 daAuts
     D:1: 802 daAuts
     D:3: 627 daAuts
     D:5: 151 daAuts
  Temple: 77 daAuts
